 Dungeon Crawl Stone Soup version 0.21-a0-221-gfe971b9 (webtiles) character file.

559 Gorglomux the Skirmisher (level 7, 0/108 HPs)
             Began as an Ogre Transmuter on Aug 27, 2017.
             Slain by an adder (4 damage)
             ... in a sewer.
             The game lasted 00:08:03 (4359 turns).

Gorglomux the Skirmisher (Ogre Transmuter)          Turns: 4359, Time: 00:08:03

Health: 0/108      AC:  4    Str: 25    XL:     7   Next: 31%
Magic:  10/11      EV: 10    Int: 14    God:
Gold:   189        SH:  0    Dex: 12    Spells: 6/12 levels left

rFire    + . .     SeeInvis .     - Unarmed
rCold    . . .     Gourm    .   (no shield)
rNeg     . . .     Faith    .   D - +1 robe of Pandemonium {rF+ Str+5 Int-2 Dex+3}
rPois    .         Spirit   .   (helmet restricted)
rElec    .         Reflect  .   (no cloak)
rCorr    .         Harm     .   (gloves unavailable)
MR       .....                  (boots unavailable)
Stlth    ..........             (no amulet)
HPRegen  0.28/turn              x - ring of stealth
MPRegen  0.12/turn              (no ring)

@: berserking, lethally poisoned (0 -> -7), hasted, very quick
A: unfitting armour, tough skin 1
a: no special abilities


You were in a sewer.
You were not hungry.

You visited 1 branch of the dungeon, and saw 4 of its levels.
You also visited: Sewer.

You collected 189 gold pieces.

Inventory:

Missiles
 a - 38 arrows
Armour
 b - a +1 robe
 D - the +1 robe of Pandemonium (worn) {rF+ Str+5 Int-2 Dex+3}
   (You found it on level 4 of the Dungeon)

   It affects your strength (+5).
   It affects your intelligence (-2).
   It affects your dexterity (+3).
   It protects you from fire.
Jewellery
 x - a ring of stealth (left hand)
Scrolls
 i - a scroll of immolation
 n - 2 scrolls of remove curse
 o - 4 scrolls of enchant armour
 F - a scroll of fog
 G - a scroll of recharging
 H - a scroll of magic mapping {unknown}
Potions
 l - 3 potions of haste
 B - a potion of magic
 Q - 3 potions of curing
Books
 c - a book of Changes

   Spells                             Type                      Level
   a - Beastly Appendage              Transmutation                1
   b - Sticks to Snakes               Transmutation                2
   c - Spider Form                    Transmutation/Poison         3
   d - Ice Form                       Ice/Transmutation            4
   e - Blade Hands                    Transmutation                5
Comestibles
 d - 4 bread rations
 j - 3 royal jellies
 z - 3 meat rations


   Skills:
 + Level 5.3 Fighting
 - Level 1.7 Dodging
 - Level 4.4 Unarmed Combat
 + Level 3.0 Spellcasting
 + Level 3.6 Transmutations
 - Level 2.4 Poison Magic


You had 6 spell levels left.
You knew the following spells:

 Your Spells              Type           Power        Failure   Level  Hunger
a - Beastly Appendage     Tmut           ##....       4%          1    #......
b - Sticks to Snakes      Tmut           ##......     7%          2    ##.....
c - Spider Form           Tmut/Pois      ##........   19%         3    ###....


Dungeon Overview and Level Annotations

Branches:
Dungeon (4/15)
 Temple: D:4-7

Altars:


Innate Abilities, Weirdness & Mutations

You are too large for most types of armour.
You have tough skin. (AC +1)


Message History

* * * don't die
* * * Unknown command!
You maul the ball python!!!
You annihilate the ball python!!!
You feel butt! The adder misses you! The ball python misses you!
The ball butt closely misses you! The ball python barely misses you!
The ball python grabs you! The ball python constricts you!
The bullfrog hits you! * * * don't die
* * * The bullfrog hits you! * * * don't die
* * * You maul the bullfrog!!!
You annihilate the bullfrog!!!
Butt's Spellcasting skill increases to level 3!!!
Your transformation has ended!
The +1 robe of Butt {rF+ Str+5 Int-2 Dex+3} unmelds from your body!
The ball python loses its grip on you! * * * don't die
* * * You feel sick!
The adder bites you! rip

#..'....# #..#....#
####...##
+####################....#
....≈≈≈≈≈≈≈≈≈≈≈≈≈≈≈#.....#
...≈≈≈≈≈≈≈≈≈≈≈≈≈≈≈≈.....##
....#≈≈≈≈≈l≈≈≈≈≈≈≈≈.....#
....≈≈≈≈l#FS≈≈≈≈≈≈≈≈....#
....≈≈≈≈#S@S≈≈≈≈≈≈≈≈...##
...#≈≈≈≈≈S§§≈≈≈≈≈≈≈#.### #
###################


You could see a bullfrog, an adder, 3 ball pythons and 2 frilled lizards.

Vanquished Creatures
  A bullfrog (Sewer)
  2 scorpions (D:4)
  Natasha (thrice) (D:2)
  An iguana (D:4)
  A hound skeleton (D:4)
  3 gnolls (D:3)
  3 river rats (Sewer)
  9 adders
  An ooze (Sewer)
  An adder skeleton (D:4)
  A worm (D:2)
  2 dart slugs
  5 leopard geckos (D:4)
  5 orcs (D:3)
  14 giant cockroaches
  9 hobgoblins
  7 jackals
  7 kobolds
  2 quokkas
  7 ball pythons
  5 bats
  7 frilled lizards
  8 goblins
  A leopard gecko skeleton (D:4)
  24 rats
129 creatures vanquished.

Vanquished Creatures (collateral kills)
  A river rat (Sewer)
  2 rats (Sewer)
3 creatures vanquished.

Grand Total: 132 creatures vanquished

Notes
Turn   | Place    | Note
-------+----------+-------------------------------------------
     0 | D:1      | Gorglomux the Ogre Transmuter began the quest for the Orb.
     0 | D:1      | Reached XP level 1. HP: 19/19 MP: 3/3
   177 | D:1      | Reached skill level 2 in Fighting
   252 | D:1      | Reached skill level 3 in Unarmed Combat
   252 | D:1      | Reached XP level 2. HP: 18/28 MP: 3/5
   487 | D:1      | Learned a level 2 spell: Sticks to Snakes
  1003 | D:1      | Reached XP level 3. HP: 32/36 MP: 4/6
  1418 | D:2      | Noticed Natasha
  1564 | D:1      | Learned a level 3 spell: Spider Form
  1570 | D:2      | Killed Natasha
  1570 | D:2      | Reached skill level 3 in Fighting
  1570 | D:2      | Reached XP level 4. HP: 43/45 MP: 3/7
  1579 | D:2      | Noticed Natasha
  1590 | D:2      | Killed Natasha
  2215 | D:2      | Reached skill level 4 in Fighting
  2215 | D:2      | Reached XP level 5. HP: 34/54 MP: 8/8
  2332 | D:2      | Noticed Natasha
  2339 | D:2      | Killed Natasha
  2679 | D:3      | Reached skill level 1 in Poison Magic
  2896 | D:3      | Reached XP level 6. HP: 45/63 MP: 1/9
  3293 | D:4      | Got a wizard robe
  3310 | D:4      | Identified the +1 robe of Pandemonium {rF+ Str+5 Int-2 Dex+3} (You found it on level 4 of the Dungeon)
  3317 | D:4      | Reached skill level 3 in Transmutations
  3570 | D:4      | Found a glowing drain.
  3605 | Sewer    | Entered a sewer
  3750 | Sewer    | Reached XP level 7. HP: 69/71 MP: 5/10
  3874 | Sewer    | Reached skill level 5 in Fighting
  4358 | Sewer    | HP: 5/108 [bullfrog (3)]
  4359 | Sewer    | Reached skill level 3 in Spellcasting
  4359 | Sewer    | Slain by an adder

Vault maps used:
D:1:      roderic_dead_forest, supply_closet_lemuel, minmay_misc_feat_doors,
          serial_park_tiny_2
D:2:      first_bread, uniq_natasha
D:3:      grunt_decor_cap
D:4:      lemuel_upstairs_altar, gup_sewer_entry_pipe, xom_teletrap_fun,
          uniq_edmund, uniq_menkaure
Sewer:    sewer_minmay_w

Skill      XL: |  1  2  3  4  5  6  7 |
---------------+----------------------+-----
Fighting       | 2 3 4 5 |  5.3
Unarmed Combat | 3 4 |  4.4
Transmutations | 2 3 |  3.6
Poison Magic   | 1 2 |  2.4
Spellcasting   | 3 |  3.0
Dodging        | |  1.7

Action                   |  1- 3 |  4- 6 |  7- 9 || total
-------------------------+-------+-------+-------++-------
Melee: Unarmed           |   150 |   246 |    56 ||   452
       Kick              |     7 |       |       ||     7
       Headbutt          |     5 |     2 |     3 ||    10
       Punch             |       |     1 |       ||     1
 Cast: Beastly Appendage |    14 |     3 |     1 ||    18
       Spider Form       |     1 |    19 |     3 ||    23
       Sticks to Snakes  |       |       |     4 ||     4
  Use: Scroll            |       |     3 |     5 ||     8
       Potion            |       |       |     3 ||     3
  Eat: Chunk             |     2 |    11 |     3 ||    16
Armor: Robe              |    60 |    43 |    11 ||   114
       Skin              |       |     3 |    14 ||    17
Dodge: Dodged            |    77 |   130 |   135 ||   342

Table legend:
 A = Spawn XP
 B = Non-spawn XP
 C = Spawn XP percentage of total XP
 D = Spawn monster count
 E = Non-spawn monster count
 F = Spawn count percentage of total count
 G = Total turns spent on level
                    A         B        C        D         E        F      G
               +---------+---------+-------+---------+---------+-------+---------
         Total |      27 |     772 |   3.4 |      15 |     117 |  11.4 |  4359
               +---------+---------+-------+---------+---------+-------+---------
           D:1 |      15 |      40 |  27.3 |       8 |      23 |  25.8 |  1553
           D:2 |       4 |     153 |   2.5 |       2 |      15 |  11.8 |   813
           D:3 |       8 |     110 |   6.8 |       5 |      19 |  20.8 |   900
           D:4 |       0 |     235 |   0.0 |       0 |      19 |   0.0 |   339
         Sewer |       0 |     234 |   0.0 |       0 |      41 |   0.0 |   754
               +---------+---------+-------+---------+---------+-------+---------
